 Dungeon Crawl Stone Soup version 0.27.1-1-g398f81649c (webtiles) character file.

Game seed: 9524146147933532610

130 101zpm the Shield-Bearer (level 5, -4/33 HPs)
             Began as a Gargoyle Fighter on Sept 19, 2021.
             Slain by an orc warrior (9 damage)
             ... on level 3 of the Dungeon.
             The game lasted 00:03:10 (3192 turns).

101zpm the Shield-Bearer (Gargoyle Fighter)         Turns: 3192, Time: 00:03:10

Health: -4/33      AC: 12    Str: 21    XL:     5   Next: 13%
Magic:  5/5        EV:  7    Int:  8    God:
Gold:   80         SH:  9    Dex:  9    Spells: 4/4 levels left

rFire    . . .     SeeInvis .   a - +0 flail
rCold    . . .     Faith    .   c - +0 kite shield
rNeg     + . .     Spirit   .   b - +0 scale mail
rPois    ∞         Reflect  .   (no helmet)
rElec    +         Harm     .   k - +0 cloak
rCorr    .         Rampage  .   (no gloves)
Will     .....                  (no boots)
Stlth    ..........             (no amulet)
HPRegen  0.11/turn              (no ring)
MPRegen  0.09/turn              (no ring)

@: no status effects
A: sickness immunity, AC +4, negative energy resistance 1, electricity
resistance, torment resistance 1, petrification resistance
a: no special abilities


You were on level 3 of the Dungeon.
You visited 1 branch of the dungeon, and saw 4 of its levels.

You collected 80 gold pieces.

Inventory:

Hand Weapons
 a - a +0 flail (weapon)
Missiles
 n - 109 stones (quivered)
 o - 21 arrows
Armour
 b - a +0 scale mail (worn)
 c - a +0 kite shield (worn)
 k - a +0 cloak (worn)
Scrolls
 e - 2 scrolls of magic mapping {unknown}
 h - 3 scrolls of identify {unknown}
 i - a scroll of fear {unknown}
 j - 2 scrolls of teleportation {unknown}
 m - a scroll of summoning {unknown}
 p - a scroll of holy word {unknown}
Potions
 d - a potion of might
 f - a potion of brilliance {unknown}
 g - 2 potions of degeneration {unknown}
 l - a potion of curing {unknown}
 q - a potion of mutation {unknown}


   Skills:
 + Level 3.7 Fighting
 + Level 3.2 Maces & Flails
 + Level 4.0 Armour
 + Level 0.8 Dodging
 + Level 4.3 Shields


You had 4 spell levels left.
You didn't know any spells.
Your spell library contained the following spells:

 Spells                   Type           Power      Damage    Failure   Level
 Animate Skeleton         Necr           0%         N/A       99%         1
 Apportation              Tloc           0%         N/A       99%         1
 Corona                   Hex            0%         N/A       99%         1
 Summon Small Mammal      Summ           0%         N/A       99%         1
 Wereblood                Tmut           0%         N/A       100%        2
 Ignite Poison            Fire/Tmut/Pois 0%         N/A       100%        3
 Mephitic Cloud           Conj/Pois/Air  0%         N/A       100%        3
 Bolt of Magma            Conj/Fire/Erth 0%         4d4       100%        5
 Summon Hydra             Summ           0%         N/A       100%        7
 Sublimation of Blood     Necr           Unusable   N/A       N/A         2

Dungeon Overview and Level Annotations

Branches:
Dungeon (4/15)
 Temple: D:4-7

Altars:
Vehumet

Annotations:
D:3 2 runed translucent doors, 101zpm's ghost, amateur GrFi


Innate Abilities, Weirdness & Mutations

You are immune to sickness and miasma.
Your stone body is resilient. (AC +4)
You are immune to poison.
You resist negative energy. (rN+)
You are resistant to electric shocks. (rElec)
You are resistant to unholy torment.
You are immune to petrification.


Message History

The orc warrior hits you with a +0 short sword.
You hit the orc warrior.
The orc warrior is lightly wounded.
You block the orc warrior's attack.
The orc warrior hits you with a +0 short sword!
You sock the orc warrior!
The orc warrior is heavily wounded.
The orc warrior hits you with a +0 short sword!
You are too injured to fight recklessly!
You are too injured to fight recklessly!
You are too injured to fight recklessly!
You are too injured to fight recklessly!
You are too injured to fight recklessly!
You are too injured to fight recklessly!
You are too injured to fight recklessly!
You are too injured to fight recklessly!
You are too injured to fight recklessly!
You are too injured to fight recklessly!
You are too injured to fight recklessly!
You are too injured to fight recklessly!
You are too injured to fight recklessly!
You are too injured to fight recklessly!
You are too injured to fight recklessly!
You are too injured to fight recklessly!
You are too injured to fight recklessly!
There is an escape hatch in the ceiling here.
The orc warrior barely misses you. A mysterious force pulls you upwards.
The hatch slams shut behind you.
Level annotation: 2 runed translucent doors, 101zpm's ghost, amateur GrFi You barely miss the orc warrior.
The orc warrior is heavily wounded.
You block the orc warrior's attack.
You closely miss the orc warrior.
The orc warrior is heavily wounded.
The orc warrior hits you with a +0 short sword! x2
* * * LOW HITPOINT WARNING * * *
You hit the orc warrior.
The orc warrior is severely wounded.
The orc warrior hits you with a +0 short sword!
You die...

#..##.#.##############
'###..#..##..........#
###.#.#.#.##########.#
###.#.#.#.## #.#
.#.##.#.##.# #.#
##.##.#.##.#### #.#
....'.'.'.....# #.#
##.##.#.##.##.######[#
##.##.#.##.#....@o...#
###.#.#.#.##.#########
###.#.#.#.##.#
..##..#..###.#####
#####.#.####.....#
......#.......##.#
#######.......##.#
#######..(....##.#########
......'.......'.......>..#


You could see an orc warrior.

Vanquished Creatures
  A bullfrog skeleton (D:4)
  5 adders
  2 worms
  A dart slug (D:1)
  3 bats
  7 endoplasms
  A giant cockroach (D:3)
  4 goblins
  5 hobgoblins
  7 kobolds
  6 ball pythons
  5 frilled lizards
  2 rats
49 creatures vanquished.

Notes
Turn   | Place    | Note
-------+----------+-------------------------------------------
     0 | D:1      | 101zpm the Gargoyle Fighter began the quest for the Orb.
     0 | D:1      | Reached XP level 1. HP: 14/14 MP: 1/1
   431 | D:1      | Reached XP level 2. HP: 19/19 MP: 2/2
  1077 | D:2      | Reached XP level 3. HP: 21/23 MP: 3/3
  1634 | D:2      | Found a radiant altar of Vehumet.
  1803 | D:2      | Found a faded altar of an unknown god.
  2220 | D:3      | Reached XP level 4. HP: 29/29 MP: 4/4
  2659 | D:3      | Found a large runed translucent door.
  2659 | D:3      | Found a large runed translucent door.
  2659 | D:3      | Noticed 101zpm's ghost (amateur GrFi)
  3043 | D:4      | Reached XP level 5. HP: 24/33 MP: 5/5
  3168 | D:4      | Noticed an orc warrior
  3192 | D:3      | Slain by an orc warrior

Illustrated notes

Levels and vault maps discovered:
D:1:      wander_arrival_estate, layout_basic
D:2:      layout_basic, hellmonk_ecumenical_altar_lost_god, basic_altar,
          roderic_roman_lattice
D:3:      layout_basic, ebering_ghost_disaster_area, interstate_on_off
D:4:      layout_rooms, minmay_temple_entry_glass, minmay_manual_mandibuliform

Skill      XL: |  1  2  3  4  5 |
---------------+----------------+-----
Shields        | 4 |  4.3
Maces & Flails | 3 |  3.2
Armour         | 4 |  4.0
Fighting       | |  3.7
Dodging        | |  0.8

Action                   |  1- 3 |  4- 6 || total
-------------------------+-------+-------++-------
Melee: Flail             |   109 |    92 ||   201
Armor: Scale mail        |    65 |    63 ||   128
Dodge: Dodged            |    42 |    41 ||    83
Block: Kite shield       |    70 |    60 ||   130
